 Dungeon Crawl Stone Soup version 0.29.1-1-gd02db6906a (webtiles) character file.

Game seed: 2228414733607881671

28 melkoren the Chopper (level 3, 0/40 HPs)
             Began as a Minotaur Gladiator on Oct 13, 2022.
             Was a Follower of Hepliaklqana.
             Slain by an endoplasm (2 damage)
             ... on level 2 of the Dungeon.
             The game lasted 00:03:13 (830 turns).

melkoren the Chopper (Minotaur Gladiator)            Turns: 830, Time: 00:03:13

Health: 0/40       AC: 21    Str: 18    XL:     3   Next: 0%
Magic:  2/2        EV:  2    Int:  5    God:    Hepliaklqana [*.....]
Gold:   61         SH:  0    Dex: 13    Spells: 2/2 levels left

rFire   . . .      SeeInvis .   a - +0 war axe
rCold   . . .      Faith    .   (no shield)
rNeg    . . .      Spirit   .   (body armour currently unavailable)
rPois   +          Reflect  .   (helmet currently unavailable)
rElec   .          Harm     .   (cloak currently unavailable)
rCorr   .          Rampage  .   (gloves currently unavailable)
Will    .....      NoTele   +   (boots currently unavailable)
Stlth   +.........              k - amulet of magic regeneration
HPRegen 0.13/turn               (no ring)
MPRegen 0.48/turn               (no ring)

@: mighty, tree-form
A: stationary, stasis, torment immunity, boosted hp, reduced essence, (horns 2),
(retaliatory headbutt)
a: Renounce Religion, Recall Ancestor, Ancestor Identity


You were on level 2 of the Dungeon.
You worshipped Hepliaklqana.
Hepliaklqana was aware of your devotion.
You were a tree.
You visited 1 branch of the dungeon, and saw 2 of its levels.

You collected 61 gold pieces.

Inventory:

Hand Weapons
 a - a +0 war axe (weapon)
Missiles
 d - 3 throwing nets (quivered)
 e - a javelin
Armour
 b - a +0 leather armour
 c - a +0 hat (melded)
 o - a +0 ring mail (melded)
Jewellery
 k - an amulet of magic regeneration (around neck)
Scrolls
 l - a scroll of identify {unknown}
 n - a scroll of teleportation {unknown}
Potions
 f - 2 potions of might
 i - a potion of heal wounds {unknown}
 j - a potion of magic {unknown}
 m - a potion of invisibility {unknown}


   Skills:
 + Level 2.9 Fighting
 * Level 4.2 Axes
 - Level 2.0 Throwing
 + Level 1.2 Armour
 + Level 3.5 Dodging


You had 2 spell levels left.
You didn't know any spells.
Your spell library contained the following spells:

 Spells                   Type           Power      Damage    Failure   Level
 Leda's Liquefaction      Hex/Erth       0%         N/A       99%         4
 Lee's Rapid Deconstruct  Erth           0%         3d5*      100%        5
 Statue Form              Tmut/Erth      0%         N/A       100%        6


Dungeon Overview and Level Annotations

Branches:
Dungeon (2/15)

Altars:
Hepliaklqana

Annotations:
D:2 Terence


Innate Abilities, Weirdness & Mutations

You are a tree.
Your roots penetrate the ground, keeping you stationary.
You cannot be teleported.
You are immune to unholy pain and torment.
Your maximum health is greatly increased.
Your equipment is partially melded.
Your life essence is reduced to manifest your ancestor. (-10% HP)
((You have a pair of horns on your head.))
((You reflexively headbutt those who attack you in melee.))


Message History

You kill the jackal!
You barely miss the jackal. Terence closely misses you. The jackal bites you.
You hit Terence.
Terence is lightly wounded.
You barely miss the jackal. The jackal bites you. Terence misses you.
An endoplasm comes into view.
The jackal bites you but does no damage.
Terence barely misses you.
The endoplasm quivers.
You hit Terence.
Terence is moderately wounded.
You slash the jackal!
You kill the jackal!
Terence barely misses you. You furiously retaliate!
You headbutt Terence.
Unknown command.
You hit Terence but do no damage. Your punch misses Terence.
Terence is heavily wounded.
Terence hits you with a +0 flail.
* * * LOW HITPOINT WARNING * * *
You barely miss Terence. Your headbutt misses Terence.
Terence is heavily wounded.
Terence closely misses you. Terence hits you with a +0 flail.
* * * LOW HITPOINT WARNING * * *
The rat misses you. You furiously retaliate!
You headbutt the rat!
You kill the rat!
You have reached level 3!
Your experience leads to an increase in your attributes!
Increase (S)trength, (I)ntelligence, or (D)exterity?
You feel agile. x2
It was a potion of might.
You feel very mighty all of a sudden. Terence barely misses you.
The endoplasm hits you.
* * * LOW HITPOINT WARNING * * *
It was a potion of lignification.
You turn into a tree.
Your +0 hat melds into your body.
Your +0 ring mail melds into your body.
Your roots penetrate the ground.
Terence hits you but does no damage.
The endoplasm hits you but does no damage.
It was a potion of flight.
Your roots keep you in place.
Terence hits you but does no damage. The endoplasm hits you.
You die...

#....)....#
#.........#
#...$.....#
#.........#
#.........
##.......##
#.....!...#
#......♣@.#
#.......J......
#.........####?
#..........#
.#.......#...
........####..
.#...#### ###
.##.


You could see Terence and an endoplasm.

Vanquished Creatures
  A dart slug (D:1)
  A bat (D:1)
  An endoplasm (D:1)
  2 giant cockroaches (D:1)
  2 goblins (D:1)
  A hobgoblin (D:1)
  2 jackals (D:2)
  5 ball pythons (D:1)
  2 frilled lizards (D:1)
  4 kobolds (D:1)
  3 rats
24 creatures vanquished.

Vanquished Creatures (others)
  An ancestor (D:2)
1 creature vanquished.

Grand Total: 25 creatures vanquished

Notes
Turn   | Place    | Note
-------+----------+-------------------------------------------
     0 | D:1      | melkoren the Minotaur Gladiator began the quest for the
                  | Orb.
     0 | D:1      | Reached XP level 1. HP: 18/18 MP: 0/0
    51 | D:1      | Reached XP level 2. HP: 12/25 MP: 1/1
   217 | D:1      | Reached skill level 4 in Axes
   338 | D:1      | Reached skill level 1 in Armour
   345 | D:1      | Found a faded altar of an unknown god.
   364 | D:1      | Prayed at the altar of an unknown god.
   364 | D:1      | Became a worshipper of Hepliaklqana the Forgotten
   364 | D:1      | Reached * piety under Hepliaklqana
   814 | D:2      | Noticed Terence
   828 | D:2      | Reached XP level 3. HP: 3/27 MP: 2/2
   828 | D:2      | HP: 1/27 [endoplasm (2)]
   830 | D:2      | Slain by an endoplasm

Illustrated notes

Levels and vault maps discovered:
D:1:      psy_arrival_dodecagon, layout_rooms, nicolae_ecumenical_snake_handling
D:2:      kennysheep_six_static_rooms, layout_rooms, uniq_terence, uniq_sigmund,
          uniq_crazy_yiuf_cottage, uniq_jessica

Skill      XL: |  1  2 |
---------------+-------+-----
Axes           | 4 |  4.2
Armour         | 1 |  1.2
Fighting       | |  2.9
Throwing       | |  2.0
Dodging        | |  3.5

Action                   || total
-------------------------++-------
Melee: War axe           ||    37
       Headbutt          ||     5
  Use: Potion            ||     3
Armor: Leather armour    ||    16
       Ring mail         ||     5
       Skin              ||     3
Dodge: Dodged            ||    36
